 Dungeon Crawl Stone Soup version 0.25-a0-646-gdb18ab7 (webtiles) character file.

Game seed: 6851355713527329786, levelgen mode: deterministic

138583 DrEnzyme the Imperceptible (level 16, -5/73 HPs)
             Began as a Spriggan Wanderer on Mar 13, 2020.
             Was an Initiate of Gozag.
             Slain by a spectral eight-headed hydra (6 damage)
             ... on level 4 of the Swamp on Mar 20, 2020.
             The game lasted 02:42:26 (38745 turns).

DrEnzyme the Imperceptible (Spriggan Wanderer)     Turns: 38745, Time: 02:42:26

Health: -5/73      AC:  7    Str: 14    XL:     16   Next: 71%
Magic:  30/34      EV: 35    Int: 18    God:    Gozag
Gold:   1491       SH:  9    Dex: 32    Spells: 11/41 levels left

rFire    . . .     SeeInvis +   a - +4 quick blade of Ketaemno {vorpal, rPois Str+3}
rCold    . . .     Gourm    .   O - -1 buckler of the Moon {Dex+9 Slay-2}
rNeg     + + .     Faith    .   P - +2 robe of the Constellations {rN++}
rPois    +         Spirit   .   m - +2 hat
rElec    +         Reflect  .   u - +0 cloak of Deraeh Nuaq {*Drain +Inv rElec Dex+8}
rCorr    .         Harm     .   (gloves unavailable)
MR       +++..                  (boots unavailable)
Stlth    +++++++++.             y - amulet of regeneration
HPRegen  0.62/turn              D - +4 ring of slaying
MPRegen  0.24/turn              J - ring of protection from magic

@: confusing touch, lightly drained, very quick
A: very small, unfitting armour, horns 1, see invisible, herbivore, speed 3,
robust 1, slow metabolism 2
a: Potion Petition, Call Merchant, Bribe Branch, Renounce Religion, Evoke
Invisibility


You were on level 4 of the Swamp.
You worshipped Gozag.
Gozag was most pleased with you.
You were not hungry.

You visited 6 branches of the dungeon, and saw 28 of its levels.
You also visited: Ossuary and Ice Cave.

You collected 10781 gold pieces.
You spent 8239 gold pieces at shops.
You paid 1051 gold pieces to Gozag.

Inventory:

Hand Weapons
 a - the +4 quick blade of Ketaemno (weapon) {vorpal, rPois Str+3}
   (You bought it in a shop on level 2 of the Orcish Mines)

   It inflicts extra damage upon your enemies.
   It affects your strength (+3).
   It protects you from poison.
 b - the +8 arc blade {discharge, rElec}
   (You bought it in a shop on level 13 of the Dungeon)

   It insulates you from electricity.
 c - a +6 quick blade
 z - the +8 scimitar "Juemn" {elec, +Inv rElec rC+++ Str-2}
   (You found it on level 2 of the Lair of Beasts)

   Occasionally, upon striking a foe, it will discharge some electrical energy
   and cause terrible harm.
   It affects your strength (-2).
   It renders you almost immune to cold.
   It insulates you from electricity.
   It lets you turn invisible.
Missiles
 R - 34 poisoned darts (quivered)
Armour
 h - a +0 buckler of protection
 m - a +2 hat (worn)
 u - the +0 cloak of Deraeh Nuaq (worn) {*Drain +Inv rElec Dex+8}
   (You bought it in a shop on level 2 of the Orcish Mines)

   It affects your dexterity (+8).
   It insulates you from electricity.
   It lets you turn invisible.
   It causes draining when unequipped.
 O - the -1 buckler of the Moon (worn) {Dex+9 Slay-2}
   (You bought it in a shop on level 8 of the Dungeon)

   It affects your dexterity (+9).
   It affects your accuracy and damage with ranged weapons and melee attacks
   (-2).
 P - the +2 robe of the Constellations (worn) {rN++}
   (You bought it in a shop on level 8 of the Dungeon)

   It greatly protects you from negative energy.
 V - a scarf of spirit shield
 Y - the cursed +0 robe of the Quahog {*Contam rF+ Regen+ Str+2}
   (You found it on level 6 of the Lair of Beasts)

   It affects your strength (+2).
   It protects you from fire.
   It causes magical contamination when unequipped.
   It increases your rate of regeneration.
   It has a curse placed upon it.
Jewellery
 e - an uncursed ring of fire
 q - an uncursed amulet of magic regeneration
 r - an uncursed ring of flight
 y - an amulet of regeneration (around neck)
 D - a +4 ring of slaying (left hand)
 J - a ring of protection from magic (right hand)
Wands
 E - a wand of digging (1)
 F - a wand of iceblast (19)
Scrolls
 d - 9 scrolls of teleportation
 i - 5 scrolls of identify
 j - 4 scrolls of immolation
 l - 6 scrolls of fog
 w - 3 scrolls of amnesia
 x - 9 scrolls of enchant armour
 A - 7 scrolls of remove curse
 Q - a scroll of magic mapping
 W - a scroll of blinking
Potions
 g - 6 potions of stabbing
 o - 4 potions of lignification
 p - a potion of cancellation
 s - 4 potions of mutation
 t - 3 potions of brilliance
 v - 3 potions of berserk rage
 B - 7 potions of haste
 C - 12 potions of curing
 G - 5 potions of invisibility
 H - 5 potions of magic
 K - 5 potions of flight
 S - 2 potions of heal wounds
 T - a potion of might
Miscellaneous
 n - 2 boxes of beasts
 U - a lamp of fire
 Z - a phial of floods
Comestibles
 f - 32 rations


   Skills:
 + Level 13.6(13.8) Short Blades
 + Level 4.8(8.3) Long Blades
   Level 1.3(1.1) Staves
 - Level 1.9(1.6) Armour
 + Level 13.9(13.6) Dodging
 * Level 25.9(25.5) Stealth
 + Level 4.8(4.6) Shields
 * Level 13.4(13.1) Spellcasting
 + Level 9.6(9.3) Hexes
 * Level 10.4(10.2) Transmutations
 + Level 1.3(1.1) Poison Magic
 - Level 2.0(1.8) Evocations


You had 11 spell levels left.
You knew the following spells:

 Your Spells              Type           Power        Failure   Level  Hunger
a - Blink                 Tloc           N/A          11%         2    None
b - Shroud of Golubria    Chrm/Tloc      ##....       11%         2    None
c - Confusing Touch       Hex            #####...     1%          3    None
d - Dazzling Flash        Conj/Hex       ####..       3%          3    None
e - Mephitic Cloud        Conj/Pois/Air  ##......     19%         3    None
f - Ignite Poison         Fire/Tmut/Pois ####....     4%          3    None
g - Frozen Ramparts       Ice            ##....       21%         3    None
h - Summon Butterflies    Summ           ##......     7%          1    None
i - Poisonous Vapours     Pois/Air       ##....       9%          2    None
j - Animate Skeleton      Necr           N/A          7%          1    None
k - Dragon Form           Tmut           #####.....   65%         7    #######

Your spell library contained the following spells:

 Spells                   Type           Power        Failure   Level  Hunger
 Corona                   Hex            #####..      1%          1    None
 Sting                    Tmut/Pois      ####         1%          1    None
 Ensorcelled Hibernation  Hex/Ice        ####..       1%          2    None
 Tukima's Dance           Hex            #####...     1%          3    None
 Cause Fear               Hex            #####.....   1%          4    #......
 Apportation              Tloc           ##....       7%          1    None
 Foxfire                  Conj/Fire      ##..         7%          1    None
 Freeze                   Ice            ##..         7%          1    None
 Summon Small Mammal      Summ           ##..         7%          1    None
 Ice Form                 Ice/Tmut       ####....     9%          4    #......
 Corpse Rot               Necr/Air       N/A          11%         2    None
 Sublimation of Blood     Necr           ##........   11%         2    None
 Call Canine Familiar     Summ           ##......     21%         3    None
 Gell's Gravitas          Tloc           ##........   21%         3    None
 Lesser Beckoning         Tloc           ##........   21%         3    None
 Ozocubu's Armour         Chrm/Ice       ##......     21%         3    None
 Teleport Other           Tloc           ##......     21%         3    None
 Metabolic Englaciation   Hex/Ice        ####......   28%         5    ####...
 Summon Mana Viper        Hex/Summ       ####....     28%         5    ####...
 Olgreb's Toxic Radiance  Pois           ###.....     41%         4    #......
 Dispel Undead            Necr           ##......     56%         4    #......
 Hailstorm                Conj/Ice       ##......     56%         4    #......
 Passage of Golubria      Tloc           N/A          56%         4    #......
 Summon Ice Beast         Ice/Summ       ##......     56%         4    #......
 Agony                    Necr           ##......     88%         5    ####...
 Bolt of Magma            Conj/Fire/Erth ##........   88%         5    ####...
 Excruciating Wounds      Chrm/Necr      ##........   88%         5    ####...
 Fireball                 Conj/Fire      ##........   88%         5    ####...
 Iskenderun's Battlesphe  Conj/Chrm      ##......     88%         5    ####...
 Freezing Cloud           Conj/Ice/Air   ##........   100%        6    ######.
 Iron Shot                Conj/Erth      ##........   100%        6    ######.
 Ozocubu's Refrigeration  Ice            ##........   100%        6    ######.
 Simulacrum               Ice/Necr       ##........   100%        6    ######.
 Starburst                Conj/Fire      ##........   100%        6    ######.
 Orb of Destruction       Conj           ##........   100%        7    #######
 Ring of Flames           Chrm/Fire      ##........   100%        7    #######
 Spellforged Servitor     Conj/Summ      ##........   100%        7    #######
 Summon Hydra             Summ           ##........   100%        7    #######
 Ignition                 Fire           ##........   100%        8    #######
 Dragon's Call            Summ           ##........   100%        9    #######


Dungeon Overview and Level Annotations

Branches:
Dungeon (13/15)            Temple (1/1) D:4            Lair (6/6) D:10
  Swamp (4/4) Lair:2       Spider (2/4) Lair:3        Slime (0/5) Lair:6
    Orc (2/2) D:11            Elf (0/3) Orc:2        Vaults (0/5) D:13
Ossuary (visited)           IceCv (visited)

Altars:
Ashenzari
Cheibriados
Dithmenos
Elyvilon
Fedhas
Gozag
Hepliaklqana
Kikubaaqudgha
Makhleb
Nemelex Xobeh
Okawaru
Qazlal
Ru
Sif Muna
Trog
Uskayaw
Vehumet
Wu Jian
Xom
Zin
The Shining One
Jiyva

Shops:
D:3 *   D:8 [:   D:10 =   D:13 %[(%}   Orc:2 %[*}

Annotations:
D:2 1 exclusion
D:3 Grinder
D:7 2 runed translucent doors, exclusion: 2 doors
D:8 exclusion: downstairs
Lair:2 exclusion: 2 centaurs
Spider:1 Roxanne
Spider:2 Kirke


Innate Abilities, Weirdness & Mutations

You are very small and have problems with some larger weapons.
You are too small for most types of armour.
You have supernaturally acute eyesight. (SInv)
You are a herbivore.
You cover ground extremely quickly.
You need to consume almost no food.
You have a pair of small horns on your head.
You are robust. (+10% HP)


Message History

The spectral eight-headed hydra barely misses you. x2
You hit the spectral eight-headed hydra but do no damage.
You headbutt the spectral eight-headed hydra, but do no damage.
You hit the spectral eight-headed hydra but do no damage.
You headbutt the spectral eight-headed hydra, but do no damage.
You completely miss the spectral eight-headed hydra.
You headbutt the spectral eight-headed hydra, but do no damage.
The spectral eight-headed hydra bites you!
You partially resist.
You feel drained.
The spectral eight-headed hydra bites you!
* * * LOW HITPOINT WARNING * * *
You partially resist.
You feel drained.
* * * LOW HITPOINT WARNING * * *
The spectral eight-headed hydra bites you but does no damage. x3
You block the spectral eight-headed hydra's attack.
The spectral eight-headed hydra bites you!
* * * LOW HITPOINT WARNING * * *
The spectral eight-headed hydra bites you.
You die...
Your body crumbles into a pile of gold.

♣..≈≈♣♣♣ ♣≈≈≈≈≈≈≈..#
♣♣...♣♣ ♣♣≈.≈≈.....#
♣..≈≈≈♣ ♣≈♣....♣♣≈##
♣≈.≈≈≈♣♣♣♣≈♣♣...≈♣#
♣♣♣..≈≈...♣♣♣♣♣≈≈≈.#
♣.≈§....≈≈♣♣♣♣≈<≈≈≈#
♣≈≈≈≈.♣♣≈≈♣♣.....≈≈# $
♣≈.§≈♣♣♣♣♣♣♣.≈..≈≈≈#
♣♣...♣♣♣≈§.♣<.@Z≈≈≈#
♣♣≈...≈♣♣..≈♣...≈≈≈##
♣≈≈≈≈≈.♣≈≈≈..≈♣.≈≈≈.###
♣.≈≈≈≈..≈≈≈≈≈§≈≈≈≈...≈##
♣≈≈≈≈.≈..≈≈≈≈≈≈≈≈≈♣♣♣.≈###
♣♣.≈.....≈.≈≈≈≈≈≈.♣ ♣♣.≈≈♣
♣≈≈≈≈.♣♣...≈≈≈≈.♣♣ ♣♣≈≈≈♣♣
♣♣..♣♣♣♣≈..≈≈..≈♣ ♣≈≈≈≈.♣
♣♣♣♣ ♣≈≈≈...≈♣♣ ♣♣≈≈≈≈.♣


You could see a spectral eight-headed hydra.

Vanquished Creatures
  2 thorn hunters (Swamp:3)
  An ettin (Orc:1)
  Josephine (Spider:1)
  An ogre mage (Orc:2)
  A catoblepas (Lair:6)
  8 vault guards (D:13)
  16 hydras
  A centaur warrior (D:13)
  19 alligators
  A shambling mangrove (Swamp:3)
  6 two-headed ogres
  A tengu warrior (D:13)
  3 death yaks (Lair:6)
  4 orc high priests (Orc:2)
  4 spriggan druids
  6 swamp dragons
  Pikel (D:7)
  3 orc knights
  An orc sorcerer (Orc:2)
  A deep elf mage (D:13)
  2 ugly things
  4 orb spiders
  13 elephants
  12 wolf spiders
  Joseph (D:7)
  5 centaur zombies
  2 cyclopes
  A guardian serpent (Lair:6)
  7 black mambas
  17 spiny frogs
  A torpor snail (Spider:2)
  3 ice statues (IceCv)
  7 demonic crawlers
  3 rime drakes
  9 komodo dragons
  A hydra zombie (Swamp:4)
  A queen bee (D:9)
  7 trolls
  12 jumping spiders
  A death drake zombie (Swamp:4)
  A death drake skeleton (Swamp:4)
  21 hornets
  16 blink frogs
  6 hippogriffs
  9 tyrant leeches
  5 slime creatures (Swamp:3)
  6 bog bodies
  5 dream sheep
  A meliai zombie (D:10)
  26 redbacks
  16 spriggans
  A vampire (D:11)
  7 tarantellas
  7 wraiths
  10 wyverns
  2 shadows
  A basilisk (Lair:6)
  A steam dragon (D:9)
  20 yaks
  2 hungry ghosts
  4 insubstantial wisps (Swamp:3)
  34 vampire mosquitoes
  An acid dragon (D:12)
  16 swamp worms
  3 soldier ants
  5 wargs
  20 water moccasins
  7 porcupines
  7 swamp drakes
  A black bear (D:3)
  4 phantoms
  22 orc warriors
  4 sky beasts
  8 ice beasts
  16 ogres
  A necrophage (D:7)
  2 centaurs
  A swamp dragon skeleton (Swamp:4)
  13 crocodiles
  A big kobold (D:8)
  An elf zombie (D:7)
  12 bullfrogs
  3 water moccasin zombies (Ossuary)
  A scorpion (Lair:3)
  A troll zombie (D:7)
  24 killer bees
  3 wights (D:8)
  5 howler monkeys
  3 electric eels
  2 human zombies (D:7)
  7 crimson imps
  2 quasits
  A jelly (D:12)
  3 hounds
  3 bullfrog skeletons
  24 orc priests
  3 centaur skeletons
  2 human skeletons (D:7)
  4 iguanas
  18 orc wizards
  17 worker ants
  2 big kobold zombies (Ossuary)
  An ogre zombie (D:7)
  2 hound zombies
  2 mummies (Ossuary)
  A worker ant zombie (D:11)
  14 adders
  2 shadow imps (D:11)
  13 white imps
  An ooze (D:2)
  4 adder zombies
  2 adder skeletons
  3 worms
  6 leopard geckos
  70 orcs
  8 bats
  6 giant cockroaches
  2 gnoll zombies (Ossuary)
  8 goblins
  3 hobgoblins
  6 jackals (D:8)
  16 kobolds
  A quokka (D:2)
  6 frilled lizards
  6 hobgoblin zombies (Ossuary)
  2 jackal skeletons
  2 kobold zombies (Ossuary)
  7 orc zombies
  A quokka skeleton (D:5)
  A quokka zombie (D:9)
  5 rats
  A plant (Lair:3)
866 creatures vanquished.

Vanquished Creatures (collateral kills)
  A swamp dragon (Lair:2)
1 creature vanquished.

Vanquished Creatures (others)
  An ugly thing (IceCv)
  A slave (D:7)
  A quasit (D:7)
  A hound (D:10)
  A hound skeleton (D:7)
  13 fungi (Lair:6)
  42 plants
60 creatures vanquished.

Grand Total: 927 creatures vanquished

Notes
Turn   | Place    | Note
-------+----------+-------------------------------------------
     0 | D:1      | DrEnzyme the Spriggan Wanderer began the quest for the Orb.
     0 | D:1      | DrEnzyme set off with the following items: a +2 dagger, a
                  | potion of haste, a potion of curing, a scroll of
                  | teleportation, a +0 robe, a ration
     0 | D:1      | Reached XP level 1. HP: 9/9 MP: 2/2
   422 | D:1      | Reached skill level 9 in Stealth
   422 | D:1      | Reached XP level 2. HP: 2/13 MP: 3/3
  1084 | D:2      | Reached skill level 1 in Short Blades
  1373 | D:2      | Reached XP level 3. HP: 12/16 MP: 4/4
  1946 | D:2      | Found a hide-covered altar of Uskayaw.
  2088 | D:2      | Noticed a moth of wrath
  2091 | D:2      | Found a bloodstained altar of Trog.
  2900 | D:3      | Reached XP level 4. HP: 21/21 MP: 5/5
  2953 | D:3      | Found Zin's Purification Station.
  2956 | D:3      | Found a glowing silver altar of Zin.
  2977 | D:3      | Noticed Grinder
  3063 | D:3      | Found a snail-covered altar of Cheibriados.
  3076 | D:3      | Reached skill level 10 in Stealth
  3174 | D:3      | Noticed a black bear
  3480 | D:3      | Killed a black bear
  3480 | D:3      | Reached XP level 5. HP: 15/24 MP: 6/6
  3861 | D:4      | Reached XP level 6. HP: 16/28 MP: 7/7
  4406 | D:4      | Found a staircase to the Ecumenical Temple.
  4505 | Temple   | Entered the Ecumenical Temple
  4756 | D:5      | Entered Level 5 of the Dungeon
  4815 | D:5      | Reached skill level 5 in Short Blades
  4895 | D:5      | Reached skill level 5 in Dodging
  4895 | D:5      | Reached skill level 11 in Stealth
  4895 | D:5      | Reached XP level 7. HP: 32/32 MP: 8/8
  5103 | D:5      | Found a sacrificial altar of Ru.
  5501 | D:5      | Found an opulent altar of Gozag.
  5554 | D:5      | Became a worshipper of Gozag Ym Sagoz the Greedy
  5607 | D:6      | Found a stormy altar of Qazlal.
  5747 | D:6      | Found a sacrificial altar of Ru.
  6110 | D:6      | Reached XP level 8. HP: 29/36 MP: 9/9
  6352 | D:7      | Noticed Joseph
  6354 | D:7      | Killed Joseph
  6354 | D:7      | Reached skill level 12 in Stealth
  6392 | D:7      | Noticed Pikel
  6445 | D:7      | Killed Pikel
  6705 | D:7      | Reached XP level 9. HP: 32/39 MP: 10/10
  6745 | D:7      | Found a runed translucent door.
  6813 | D:7      | Reached skill level 13 in Stealth
  6895 | D:7      | Found a runed translucent door.
  6933 | D:7      | Found a shimmering altar of Xom.
  7438 | D:7      | Found an ancient bone altar of Kikubaaqudgha.
  7449 | D:7      | Reached skill level 10 in Short Blades
  7626 | D:8      | Found Kegriyxt's Antique Armour Emporium.
  7642 | D:8      | Found a sand-covered staircase.
  7720 | Ossuary  | Entered an ossuary
  8112 | D:8      | Bought a sheer robe for 136 gold pieces
  8112 | D:8      | Bought a jewelled buckler for 228 gold pieces
  8112 | D:8      | Bought a faintly humming robe for 136 gold pieces
  8186 | D:8      | Identified the cursed +1 robe of the Hanged Man {rN++ rCorr
                  | Int-4} (You bought it in a shop on level 8 of the Dungeon)
  8197 | D:8      | Identified the +2 robe of the Constellations {rN++} (You
                  | bought it in a shop on level 8 of the Dungeon)
  8256 | D:8      | Noticed a two-headed ogre
  8446 | D:8      | Killed a two-headed ogre
  8446 | D:8      | Reached skill level 14 in Stealth
  8446 | D:8      | Reached skill level 1 in Shields
  8446 | D:8      | Reached XP level 10. HP: 12/44 MP: 11/11
  8544 | D:8      | Found Zyoss's Book Emporium.
  9331 | D:8      | Found a radiant altar of Vehumet.
  9418 | D:9      | Identified the cursed -1 buckler of the Moon {Dex+9 Slay-2}
                  | (You bought it in a shop on level 8 of the Dungeon)
  9783 | D:9      | Reached skill level 15 in Stealth
 10762 | D:9      | Reached skill level 10 in Dodging
 11079 | D:9      | Found a shimmering blue altar of Sif Muna.
 11180 | D:10     | Entered Level 10 of the Dungeon
 11229 | D:10     | Noticed a two-headed ogre
 11339 | D:10     | Noticed a two-headed ogre
 11346 | D:10     | Killed a two-headed ogre
 11346 | D:10     | Reached XP level 11. HP: 47/47 MP: 12/12
 11561 | D:10     | Killed a two-headed ogre
 11584 | D:10     | Found a staircase to the Lair.
 12484 | D:10     | Reached skill level 16 in Stealth
 12601 | D:11     | Found a staircase to the Orcish Mines.
 12753 | D:8      | Bought a book of Spatial Translocations for 845 gold pieces
 12753 | D:8      | Bought a book of Maledictions for 325 gold pieces
 12756 | D:8      | Learned a level 2 spell: Blink
 12759 | D:8      | Learned a level 2 spell: Shroud of Golubria
 12763 | D:8      | Learned a level 3 spell: Confusing Touch
 12896 | D:11     | Noticed a two-headed ogre
 13058 | D:11     | Reached skill level 1 in Spellcasting
 13058 | D:11     | Reached skill level 1 in Hexes
 13283 | D:11     | You fall into a shaft and drop 1 floor!
 13498 | D:11     | Upgraded the game from 0.25-a0-589-g1e14c54 to
                  | 0.25-a0-591-g2ad0d86
 13689 | D:11     | Noticed a red ugly thing
 14200 | D:11     | Killed a red ugly thing
 14217 | D:11     | Noticed a two-headed ogre
 14226 | D:11     | Killed a two-headed ogre
 14638 | D:11     | Killed a two-headed ogre
 14638 | D:11     | Reached skill level 17 in Stealth
 14714 | Lair:1   | Entered Level 1 of the Lair of Beasts
 14736 | Lair:1   | Found the +15 Maxwell's patent armour {-Cast -Tele rElec
                  | MR+ rCorr}
 15353 | Lair:2   | Noticed a six-headed hydra
 15358 | Lair:2   | Killed a six-headed hydra
 15358 | Lair:2   | Reached XP level 12. HP: 51/51 MP: 18/18
 15587 | Lair:2   | Identified the +8 scimitar "Juemn" {elec, +Inv rElec rC+++
                  | Str-2} (You found it on level 2 of the Lair of Beasts)
 15818 | Lair:2   | Found a staircase to the Swamp.
 15961 | Lair:2   | Found a burning altar of Makhleb.
 16502 | Lair:3   | You fall into a shaft and drop 3 floors!
 16502 | Lair:6   | Entered Level 6 of the Lair of Beasts
 16503 | Lair:6   | Noticed a five-headed hydra
 16515 | Lair:6   | Noticed a death yak
 16516 | Lair:6   | Noticed a death yak
 16516 | Lair:6   | Noticed a death yak
 16550 | Lair:6   | Found a frozen archway.
 16580 | Lair:6   | Reached skill level 1 in Long Blades
 16605 | IceCv    | Entered an ice cave
 16753 | IceCv    | Learned a level 3 spell: Dazzling Flash
 16977 | IceCv    | Reached skill level 5 in Hexes
 16980 | IceCv    | Reached skill level 5 in Spellcasting
 17046 | IceCv    | Got a shimmering flail
 17090 | Lair:6   | Noticed a catoblepas
 17160 | Lair:5   | You fall into a shaft and drop 1 floor!
 17175 | Lair:6   | Found a staircase to the Slime Pits.
 17175 | Lair:6   | Found a viscous altar of Jiyva.
 17356 | Lair:3   | Reached skill level 18 in Stealth
 17857 | Lair:2   | Identified a scroll of acquirement
 18062 | Lair:3   | Found a hole to the Spider Nest.
 18092 | Lair:3   | Reached skill level 1 in Armour
 18458 | Lair:3   | Noticed a four-headed hydra
 18658 | D:8      | Bought a Young Poisoner's Handbook for 520 gold pieces
 18658 | D:8      | Bought a book of Frost for 455 gold pieces
 18664 | D:8      | Learned a level 3 spell: Mephitic Cloud
 18668 | D:8      | Learned a level 3 spell: Ignite Poison
 18805 | D:12     | Learned a level 3 spell: Frozen Ramparts
 19273 | D:12     | Found a sparkling altar of Nemelex Xobeh.
 19273 | D:12     | Found a transporter.
 19273 | D:12     | Noticed a frost giant
 19287 | D:12     | Reached XP level 13. HP: 55/55 MP: 23/23
 19368 | D:12     | Reached skill level 1 in Transmutations
 19797 | Orc:1    | Entered Level 1 of the Orcish Mines
 19971 | Orc:2    | Entered Level 2 of the Orcish Mines
 19976 | Orc:2    | Noticed an ettin
 21524 | Orc:1    | Killed an ettin
 21675 | Orc:2    | Reached skill level 19 in Stealth
 22000 | Orc:2    | Found a staircase to the Elven Halls.
 22304 | Orc:2    | Gained mutation: Potions are less effective at restoring
                  | your health. [a neqoxec]
 22718 | Orc:2    | Upgraded the game from 0.25-a0-591-g2ad0d86 to
                  | 0.25-a0-632-g7713895
 23274 | Orc:1    | Upgraded the game from 0.25-a0-632-g7713895 to
                  | 0.25-a0-635-g0c6c292
 23527 | Orc:2    | Found Yprif's Gadget Shoppe.
 23527 | Orc:2    | Found Koulet's Food Emporium.
 23527 | Orc:2    | Found Jakowuamp's General Store.
 23530 | Orc:2    | Found Emeup's Antique Armour Emporium.
 23534 | Orc:2    | Bought a bloodstained cloak for 256 gold pieces
 23534 | Orc:2    | Bought a shiny buckler for 202 gold pieces
 23559 | Orc:2    | Identified the +0 cloak of Deraeh Nuaq {*Drain +Inv rElec
                  | Dex+8} (You bought it in a shop on level 2 of the Orcish
                  | Mines)
 23583 | Orc:2    | Bought a scroll of enchant armour for 112 gold pieces
 23936 | D:13     | Found Egotynut's Antique Weapon Shoppe.
 23946 | D:13     | Bought the +8 arc blade {discharge, rElec} for 1680 gold
                  | pieces
 23946 | D:13     | Found the +8 arc blade {discharge, rElec}
 24037 | D:13     | Found a gate to the Vaults.
 24055 | D:13     | Reached skill level 20 in Stealth
 24085 | D:13     | Reached skill level 5 in Transmutations
 24209 | D:13     | Found Detoet's Food Emporium.
 24335 | D:13     | Found Losyejum's Antique Armour Shop.
 24451 | D:13     | Found Keuh's Gadget Shoppe.
 24460 | D:13     | Bought a box of beasts for 260 gold pieces
 24475 | D:13     | Found Jeocko's Food Shop.
 24486 | D:13     | Reached XP level 14. HP: 59/59 MP: 28/28
 25736 | Spider:1 | Entered Level 1 of the Spider Nest
 25919 | Orc:2    | Bought the +4 quick blade of Ketaemno {vorpal, rPois Str+3}
                  | for 900 gold pieces
 26168 | Spider:1 | Reached skill level 21 in Stealth
 26261 | Spider:1 | Noticed Josephine
 26279 | Spider:1 | Killed Josephine
 26782 | Spider:1 | Reached skill level 10 in Spellcasting
 26787 | Spider:1 | Learned a level 1 spell: Summon Butterflies
 27176 | Spider:1 | Identified Roxanne's Reference Book on Transmigration
 27176 | Spider:1 | Noticed Roxanne
 27514 | Spider:2 | Learned a level 2 spell: Poisonous Vapours
 27616 | Spider:2 | Reached skill level 22 in Stealth
 28514 | Spider:2 | Noticed Kirke
 28621 | Swamp:1  | Entered Level 1 of the Swamp
 28784 | Lair:2   | Upgraded the game from 0.25-a0-635-g0c6c292 to
                  | 0.25-a0-645-gb448734
 29459 | Swamp:1  | Reached XP level 15. HP: 51/63 MP: 19/31
 30185 | Lair:4   | Reached skill level 23 in Stealth
 30325 | Lair:4   | Reached skill level 1 in Evocations
 31818 | D:8      | Bought a book of the Dragon for 1170 gold pieces
 31820 | D:8      | Learned a level 1 spell: Animate Skeleton
 31828 | D:8      | Learned a level 7 spell: Dragon Form
 32604 | Lair:6   | Identified the cursed +0 robe of the Quahog {*Contam rF+
                  | Regen+ Str+2} (You found it on level 6 of the Lair of
                  | Beasts)
 32911 | Lair:6   | Reached skill level 24 in Stealth
 34752 | Swamp:2  | Reached skill level 1 in Poison Magic
 34826 | Swamp:2  | Reached XP level 16. HP: 67/67 MP: 19/33
 35076 | Swamp:1  | Lost mutation: Potions are less effective at restoring your
                  | health. [potion of mutation]
 35076 | Swamp:1  | Gained mutation: You are robust. (+10% HP) [potion of
                  | mutation]
 35076 | Swamp:1  | Gained mutation: You have a pair of small horns on your
                  | head. [potion of mutation]
 35355 | Swamp:2  | Found a shimmering altar of Xom.
 35674 | Swamp:3  | Reached skill level 25 in Stealth
 35746 | Swamp:3  | Noticed a thorn hunter
 35756 | Swamp:3  | Killed a thorn hunter
 36112 | Swamp:3  | Reached skill level 10 in Transmutations
 36208 | Swamp:3  | Noticed a thorn hunter
 36217 | Swamp:3  | Killed a thorn hunter
 37050 | D:10     | Bought a +4 ring of slaying for 1014 gold pieces
 37550 | Swamp:4  | Entered Level 4 of the Swamp
 38135 | Swamp:4  | Upgraded the game from 0.25-a0-645-gb448734 to
                  | 0.25-a0-646-gdb18ab7
 38745 | Swamp:4  | HP: 1/73 [spectral eight-headed hydra (13)]
 38745 | Swamp:4  | Slain by a spectral eight-headed hydra

Levels and vault maps discovered:
D:1:      dpeg_arrival_stonehenge_8_columns, layout_loops_ring
D:2:      layout_basic, eat_drink_and_be_merry_uskayaw, tgw_trog, first_ration
D:3:      layout_basic, zin_purify, cheibriados_altar_1, uniq_grinder
D:4:      layout_rooms, minmay_temple_entry_glassed_door, glass_columns_c,
          lemuel_another_geyser
D:5:      layout_loops_ring, lemuel_doored_altar,
          nicolae_overflow_hidden_temple, grunt_gozag_statues, chequers_garden,
          minmay_misc_feat_nine_boxes, nicolae_underground_beach
D:6:      layout_cave_pools, nicolae_qazlal_general_emergency, basic_altar,
          minmay_fire_ice_demons
D:7:      lemuel_insect_pit, layout_gridville, nicolae_overflow_crystal_walls,
          lemuel_mausoleum_altar_kikubaaqudgha, uniq_joseph, uniq_pikel
D:8:      layout_cave_pods, marbit_many_paths, nicolae_ossuary_entry_monument,
          serial_shops, nicolae_shop_stone, shop, hangedman_pestilent_swarm
D:9:      layout_long_grid, led_sif_pool, special_room [special_room_bee],
          fungi_pond_lemuel
D:10:     layout_gridville, lair_entry_dummy, lemuel_flame_loot_1
D:11:     layout_gridville, orc_0_dummy, enter_bailey_2,
          chequers_serial_rivers_marsh
D:12:     layout_cave_pods, basic_altar, grunt_nemelex_the_gamble, uniq_rupert,
          uniq_azrael
D:13:     layout_grid_maze, erik_vaults_2, serial_shops, shop_fountains,
          nicolae_shop_overgrown_old_shop, nicolae_shop_crystal, shop_fountains,
          shop_fountains
Temple:   dpeg_chambers_temple
Lair:1:   layout_roguey
Lair:2:   layout_long_grid, swamp_mist, lemuel_centaur_altar, grunt_megastairs_2
Lair:3:   layout_layer_cave, nicolae_spider_entry_non_spiders
Lair:4:   layout_hall_layers, chequers_serial_rivers_marsh, beast_lair_carwin_1,
          grunt_megastairs_1
Lair:5:   layout_cave_pods, chequers_serial_rivers_micro_b, minivault_24,
          minmay_hedge_maze
Lair:6:   hangedman_lair_tendril_chambers, layout_gridlike, slime_altar_1,
          portal_ice_cave_entry_imps, st_stairs_3, infiniplex_staircase_pool
Swamp:1:  layout_basic_swamp, evilmike_swamp_ruin_house_5
Swamp:2:  layout_basic_swamp, nicolae_swamp_godswood
Swamp:3:  layout_falls_marsh, hangedman_swamp_lotus
Swamp:4:  byrel_swamp_growth_death_and_undeath, layout_basic_swamp
Spider:1: layout_spider_delve, uniq_josephine, uniq_roxanne
Spider:2: layout_spider_delve, worms_lemuel, uniq_kirke
Orc:1:    layout_diamond_mine, serial_shops,
          nicolae_shop_temple_entry_statues_fountains, shop, shop, shop, shop
Orc:2:    st_orc_mages, layout_diamond_mine, mines4_lemuel

Skill      XL: |  1  2  3  4  5  6  7  8  9 10 11 12 13 14 15 16 |
---------------+-------------------------------------------------+-----
Stealth        | 9 10 11 12 14 15 17 18 20 22 24 25 | 25.9
Short Blades   | 1 2 3 4 5 7 9 11 12 13 | 13.6
Dodging        | 4 5 7 8 10 11 12 13 | 13.9
Shields        | 1 3 4 |  4.8
Spellcasting   | 3 6 9 11 12 13 | 13.4
Hexes          | 3 6 7 8 9 |  9.6
Long Blades    | 4 |  4.8
Armour         | 1 |  1.9
Transmutations | 5 7 9 10 | 10.4
Evocations     | 2 |  2.0
Poison Magic   | 1 |  1.3
Staves         | |  1.3

Action                   |  1- 3 |  4- 6 |  7- 9 | 10-12 | 13-15 | 16-18 || total
-------------------------+-------+-------+-------+-------+-------+-------++-------
Melee: Dagger            |    89 |    85 |   146 |   610 |       |       ||   930
       Short sword       |       |    18 |   284 |   136 |       |       ||   438
       Scimitar          |       |       |       |   215 |    44 |       ||   259
       Quick blade       |       |       |       |   138 |  1262 |   476 ||  1876
       Rapier            |       |       |       |       |   139 |       ||   139
       Headbutt          |       |       |       |       |       |   138 ||   138
 Fire: Hunting sling     |       |       |       |    14 |       |       ||    14
Throw: Dart              |    37 |    30 |    57 |    61 |     4 |       ||   189
 Cast: Shroud of Golubri |       |       |       |     1 |    15 |    13 ||    29
       Confusing Touch   |       |       |       |    16 |   153 |    64 ||   233
       Mephitic Cloud    |       |       |       |       |   121 |     8 ||   129
       Ignite Poison     |       |       |       |       |     5 |       ||     5
       Frozen Ramparts   |       |       |       |       |     1 |       ||     1
       Blink             |       |       |       |       |     2 |     2 ||     4
Invok: Potion Petition   |       |       |       |     1 |       |     2 ||     3
       Call Merchant     |       |       |       |       |       |     1 ||     1
Evoke: Wand              |       |       |       |    17 |    10 |       ||    27
       Lamp of fire      |       |       |       |     1 |     2 |       ||     3
  Use: Scroll            |     4 |     4 |     8 |    27 |     7 |     7 ||    57
       Potion            |     1 |       |     1 |     3 |     2 |     2 ||     9
 Stab: Sleeping          |     9 |     7 |    32 |    47 |    47 |    26 ||   168
       Distracted        |       |       |     1 |    10 |    24 |     7 ||    42
       Paralysed         |       |       |       |     3 |     1 |       ||     4
       Confused          |       |       |       |    21 |   276 |    70 ||   367
       Invisible         |       |       |       |       |       |     1 ||     1
  Eat: Ration            |       |       |     2 |     9 |     8 |     3 ||    22
Armor: Robe              |    11 |    15 |    26 |    61 |    52 |    22 ||   187
Dodge: Dodged            |    84 |    79 |   252 |   810 |   679 |   231 ||  2135
Block: Buckler           |       |       |       |    13 |   298 |   102 ||   413
       Rpst.: Scimitar   |       |       |       |    74 |     6 |       ||    80

Table legend:
 A = Non-vault XP
 B = Vault XP
 C = Vault XP percentage of total XP
 D = Non-vault monster count
 E = Vault monster count
 F = Vault count percentage of total count
                 A         B        C        D         E       F
            +---------+---------+-------+---------+---------+-------
      Total |  154612 |   43364 |  21.9 |     648 |     219 |  25.3
            +---------+---------+-------+---------+---------+-------
        D:1 |      17 |       0 |   0.0 |      11 |       0 |   0.0
        D:2 |      45 |       0 |   0.0 |      17 |       0 |   0.0
        D:3 |     221 |       0 |   0.0 |      21 |       0 |   0.0
        D:4 |     251 |       0 |   0.0 |      14 |       0 |   0.0
        D:5 |     503 |       0 |   0.0 |      16 |       0 |   0.0
        D:6 |     353 |      57 |  13.9 |      11 |       2 |  15.4
        D:7 |     731 |    1794 |  71.0 |      15 |      14 |  48.3
        D:8 |    2171 |     821 |  27.4 |      29 |       8 |  21.6
        D:9 |    1751 |    1627 |  48.2 |      22 |      22 |  50.0
       D:10 |    2553 |       0 |   0.0 |      17 |       0 |   0.0
       D:11 |    6419 |       0 |   0.0 |      32 |       0 |   0.0
       D:12 |    4289 |     220 |   4.9 |      26 |       1 |   3.7
       D:13 |    6754 |    7423 |  52.4 |      29 |       8 |  21.6
     Lair:1 |    1585 |       0 |   0.0 |      11 |       0 |   0.0
     Lair:2 |    7522 |      85 |   1.1 |      19 |       1 |   5.0
     Lair:3 |    6541 |     478 |   6.8 |      21 |       8 |  27.6
     Lair:4 |    3156 |    2069 |  39.6 |      10 |       5 |  33.3
     Lair:5 |    7563 |       0 |   0.0 |      24 |       0 |   0.0
     Lair:6 |    7955 |   11739 |  59.6 |      25 |      52 |  67.5
    Swamp:1 |   18509 |       0 |   0.0 |      39 |       0 |   0.0
    Swamp:2 |   18704 |       0 |   0.0 |      33 |       0 |   0.0
    Swamp:3 |   19290 |       0 |   0.0 |      47 |       0 |   0.0
    Swamp:4 |   11381 |    3050 |  21.1 |      29 |       9 |  23.7
   Spider:1 |   13383 |    2141 |  13.8 |      41 |       6 |  12.8
   Spider:2 |    5777 |    1129 |  16.3 |      19 |       3 |  13.6
      Orc:1 |    4264 |       0 |   0.0 |      33 |       0 |   0.0
      Orc:2 |    2924 |    7293 |  71.4 |      37 |      46 |  55.4
    Ossuary |       0 |     352 | 100.0 |       0 |      23 | 100.0
      IceCv |       0 |    3086 | 100.0 |       0 |      11 | 100.0
            +---------+---------+-------+---------+---------+-------
